 Dungeon Crawl Stone Soup version 0.26-a0-451-gacbe401039 (webtiles) character file.

Game seed: 18049149445015176871

5 MrRokkomies the Sneak (level 1, 0/19 HPs)
             Began as a Palentonga Delver on July 28, 2020.
             Slain by an adder (2 damage)
             ... on level 2 of the Dungeon.
             The game lasted 00:01:00 (85 turns).

MrRokkomies the Sneak (Palentonga Delver)             Turns: 85, Time: 00:01:01

Health: 0/19       AC:  4    Str: 15    XL:     1   Next: 66%
Magic:  1/1        EV:  9    Int: 10    God:
Gold:   0          SH:  0    Dex: 11    Spells: 0/0 levels left

rFire    . . .     SeeInvis +   a - +0 mace
rCold    . . .     Faith    .   (no shield)
rNeg     . . .     Spirit   .   b - +0 leather armour
rPois    .         Reflect  .   (no helmet)
rElec    .         Harm     .   (no cloak)
rCorr    .                      (no gloves)
MR       .....                  (boots restricted)
Stlth    ++........             (no amulet)
HPRegen  0.06/turn              (no ring)
MPRegen  0.07/turn              (no ring)

@: no status effects
A: large, rugged brown scales 3, see invisible, deformed body, roll, armoured
tail
a: Rolling Charge


You were on level 2 of the Dungeon.
You visited 1 branch of the dungeon, and saw 4 of its levels.

Inventory:

Hand Weapons
 a - a +0 mace (weapon)
 h - a +0 hunting sling
Missiles
 f - 12 poisoned darts (quivered)
Armour
 b - a +0 leather armour (worn)
Wands
 g - a wand of digging (3)
Scrolls
 c - a scroll of fog
 d - a scroll of magic mapping
 e - a scroll of fear
Potions
 i - a potion of invisibility {unknown}


   Skills:
 * Level 3.1 Fighting
 * Level 2.2 Maces & Flails
 + Level 1.6 Dodging
 - Level 3.3 Stealth


You couldn't memorise any spells.
You didn't know any spells.
Your spell library was empty.

Dungeon Overview and Level Annotations

Branches:
Dungeon (5/15)
 Temple: D:4-7

Altars:


Innate Abilities, Weirdness & Mutations

You are completely covered in rugged brown scales. (AC +3, +7% HP)
You have supernaturally acute eyesight. (SInv)
Armour fits poorly on your strangely shaped body.
You can roll at foes to attack.
You have a long armoured tail.


Message History

You kill the ufetubus!
An adder comes into view.
You see here 14 poisoned darts.
f - 14 poisoned darts The adder bites you.
* * * LOW HITPOINT WARNING * * *
Your extra speed is starting to run out.
Found 9 gold pieces.
Throwing (i - inventory)
f - 14 poisoned darts (quivered)
Press: ? - help, Shift-Dir - straight line, f - adder
Aim: an adder You throw a poisoned dart.
The poisoned dart hits the adder.
Throwing (i - inventory)
f - 13 poisoned darts (quivered)
Press: ? - help, Shift-Dir - straight line, f/p - adder
Aim: an adder You throw a poisoned dart.
The poisoned dart barely misses the adder.
You feel yourself slow down. The adder bites you.
You die...

.... #..#
#..# #..#
#..# #..#
#..#
#.@####...
#.S.$....#
##.#####.#
#.# #.# .
#(# .##.#
..#.#
#.#.#


You could see an adder.

Vanquished Creatures
  An ufetubus (D:2)
1 creature vanquished.

Notes
Turn   | Place    | Note
-------+----------+-------------------------------------------
     0 | D:5      | MrRokkomies the Palentonga Delver began the quest for the
                  | Orb.
     0 | D:5      | Reached XP level 1. HP: 19/19 MP: 1/1
    24 | D:5      | Noticed a hound
    47 | D:5      | Noticed an ogre
    85 | D:2      | Slain by an adder

Illustrated notes

Levels and vault maps discovered:
D:2:      layout_basic
D:3:      layout_loops_ring, grunt_temple_overflow_open
D:4:      layout_rooms, kiku_gazebo_pond_becter, minmay_temple_entry_slanted,
          uniq_purgy
D:5:      layout_basic, lemuel_crystal_altar, nicolae_gozag_zags_fifth_avenue

Action                   || total
-------------------------++-------
Melee: Mace              ||     4
Throw: Dart              ||     2
  Use: Potion            ||     1
Armor: Leather armour    ||    14
Dodge: Dodged            ||     8

Table legend: (Time is in decaauts)
 A = Elapsed time spent in this place.
 B = Non-inter-level travel time spent in this place.
 C = Inter-level travel time spent in this place.
 D = Time resting spent in this place.
 E = Time spent auto-exploring this place.
 F = Levels seen in this place.
 G = Mean time per level.
                   A        B        C        D        E       F      G
               +--------+--------+--------+--------+--------+-----+--------+
         Total |     66 |     66 |      0 |      3 |      4 |   4 |   16.5 |
       Dungeon |     66 |     66 |      0 |      3 |      4 |   4 |   16.5 |
               +--------+--------+--------+--------+--------+-----+--------+

Top non-repeatable levels by time:
     D:5: 42 daAuts
     D:2: 16 daAuts
     D:4: 3 daAuts
     D:3: 3 daAuts
